 Dungeon Crawl Stone Soup version 0.26-a0-863-g3bff4b215c (webtiles) character file.

Game seed: 11660329601584192055

1166 robertstho the Chiller (level 8, -1/58 HPs)
             Began as a Gnoll Ice Elementalist on Nov 25, 2020.
             Killed by divine providence
             ... invoked by an orc priest
              (11 damage)
             ... on level 5 of the Dungeon.
             The game lasted 00:08:06 (5216 turns).

robertstho the Chiller (Gnoll Ice Elementalist)     Turns: 5216, Time: 00:08:08

Health: -1/58      AC:  6    Str: 10    XL:     8   Next: 40%
Magic:  12/17      EV: 16    Int: 20    God:
Gold:   461        SH:  0    Dex: 16    Spells: 4/19 levels left

rFire    . . .     SeeInvis .   y - +1 rapier (venom)
rCold    . . .     Faith    .   (no shield)
rNeg     . . .     Spirit   .   a - +0 robe
rPois    .         Reflect  .   (no helmet)
rElec    .         Harm     .   f - +0 cloak
rCorr    .         Rampage  .   p - +2 pair of gloves
MR       .....                  (no boots)
Stlth    +++.......             (no amulet)
HPRegen  0.19/turn              (no ring)
MPRegen  0.15/turn              (no ring)

@: lethally poisoned (-1 -> -6), frozen ramparts
A: distributed training, fangs 1, strong nose
a: no special abilities


You were on level 5 of the Dungeon.
You visited 1 branch of the dungeon, and saw 5 of its levels.
You also visited: Sewer.

You collected 461 gold pieces.

Inventory:

Hand Weapons
 c - a +1 dagger
 e - a +2 dagger of venom
 y - a +1 rapier of venom (weapon)
Missiles
 t - 12 poisoned darts (quivered)
Armour
 a - a +0 robe (worn)
 f - a +0 cloak (worn)
 p - a +2 pair of gloves (worn)
Jewellery
 r - an uncursed ring of stealth {unknown}
 u - a cursed amulet of inaccuracy {unknown}
 x - a +6 ring of dexterity
Wands
 h - a wand of random effects (12)
 n - a wand of polymorph (2)
 w - a wand of flame (14)
Scrolls
 b - 3 scrolls of enchant weapon
 d - 4 scrolls of identify
 i - 6 scrolls of remove curse {unknown}
 k - a scroll of amnesia {unknown}
Potions
 g - a potion of mutation {unknown}
 j - 2 potions of brilliance
 l - 2 potions of might {unknown}
 m - 3 potions of curing {unknown}
 o - a potion of heal wounds {unknown}
 q - 2 potions of berserk rage {unknown}
 s - a potion of ambrosia {unknown}
 v - a potion of degeneration {unknown}


   Skills:
 + Level 3.2 Fighting
 + Level 3.2 Short Blades
 + Level 3.2 Long Blades
 + Level 3.2 Axes
 + Level 3.2 Maces & Flails
 + Level 3.2 Polearms
 + Level 3.2 Staves
 + Level 3.2 Slings
 + Level 3.2 Bows
 + Level 3.2 Crossbows
 + Level 3.2 Throwing
 + Level 3.2 Armour
 + Level 5.6 Dodging
 + Level 5.3 Stealth
 + Level 3.2 Shields
 + Level 3.2 Unarmed Combat
 + Level 6.0 Spellcasting
 + Level 2.6 Conjurations
 + Level 2.6 Hexes
 + Level 2.6 Summonings
 + Level 2.6 Necromancy
 + Level 2.6 Translocations
 + Level 2.6 Transmutations
 + Level 2.6 Fire Magic
 + Level 7.6 Ice Magic
 + Level 2.6 Air Magic
 + Level 2.6 Earth Magic
 + Level 2.6 Poison Magic
 + Level 3.5 Invocations
 + Level 3.2 Evocations


You had 4 spell levels left.
You knew the following spells:

 Your Spells              Type           Power        Failure   Level
a - Freeze                Ice            ####         1%          1
b - Frozen Ramparts       Ice            #####.       1%          3
c - Ozocubu's Armour      Ice            #####...     1%          3
d - Hailstorm             Conj/Ice       ####....     12%         4
e - Summon Ice Beast      Ice/Summ       ####....     12%         4

Your spell library contained the following spells:

 Spells                   Type           Power        Failure   Level
 Foxfire                  Conj/Fire      ###.         3%          1
 Conjure Flame            Conj/Fire      ###.....     11%         3
 Inner Flame              Hex/Fire       ###.....     11%         3
 Sticky Flame             Conj/Fire      ###.....     34%         4
 Fireball                 Conj/Fire      ###.......   67%         5


Dungeon Overview and Level Annotations

Branches:
Dungeon (5/15)              Sewer (visited)
 Temple: D:4-7

Altars:
Fedhas
Qazlal
Trog


Innate Abilities, Weirdness & Mutations

Your experience applies equally to all skills.
You have very sharp teeth.
Your uncanny sense of smell can sniff out nearby items.


Message History

You feel sick.
An orc comes into view. It is wielding a +0 hand axe.
Items here: )) [[ ††.
The frozen ramparts melt away.
You feel sick. The orc misses you.
Things that are here:
a +0 club; an orc corpse You feel sick.
The orc misses you. The orc barely misses you.
There is a stone staircase leading up here.
You see here a +0 dagger.
You feel sick. The orc hits you with a +0 trident.
* * * LOW HITPOINT WARNING * * *
The orc hits you with a +0 hand axe.
* * * LOW HITPOINT WARNING * * *
Casting: Frozen Ramparts (safe; 1% risk of failure)
Confirm with . or Enter, or press ? or * to list all spells.
The walls around you are covered in ice.
You feel sick.
The wall freezes the orc priest!
The orc priest calls down the wrath of Beogh upon you.
Beogh smites you!
You die...

≈≈P...P≈≈≈≈......##.....
≈≈≈P<.≈≈≈≈.......##....#
≈≈≈≈≈≈≈≈≈≈..........##..
≈≈≈≈≈≈≈≈≈.........####..
.≈≈≈≈≈≈≈...........# ###
...≈≈≈..............# ..
......)...........$..#..
.............#..........
......o@....##.....###..
.....oo<....##....<. #.
....###)....#... #.## .
...# #).....# #.##.. #.
... ##....(####.#..##..
..∆ #)........#....#...
##...#.......#......
#....##.....##....##
##...##............#


You could see an orc priest and 2 orcs.

Vanquished Creatures
  Sigmund (D:2)
  A water moccasin (Sewer)
  An ice beast (D:3)
  A centaur (D:5)
  The ghost of pigah the Grave Robber, an amateur DsNe (D:3)
  A scorpion (D:3)
  4 orc wizards (D:5)
  A hound (D:5)
  An orc priest (D:5)
  An iguana (D:5)
  Natasha (thrice) (D:2)
  A hound skeleton (D:4)
  2 worker ant zombies (D:5)
  3 gnolls (D:2)
  3 adders
  A shadow imp (D:5)
  2 oozes (D:3)
  3 worms
  7 dart slugs
  4 leopard geckos
  16 orcs
  7 giant cockroaches
  9 goblins
  9 hobgoblins
  2 jackals (D:1)
  5 kobolds
  2 quokkas
  14 bats
  5 frilled lizards
  9 rats
120 creatures vanquished.

Vanquished Creatures (collateral kills)
  An ice beast (D:5)
  A hound zombie (D:5)
  A worker ant zombie (D:5)
  2 orcs (D:5)
5 creatures vanquished.

Vanquished Creatures (others)
  2 plants (D:5)
2 creatures vanquished.

Grand Total: 127 creatures vanquished

Notes
Turn   | Place    | Note
-------+----------+-------------------------------------------
     0 | D:1      | robertstho the Gnoll Ice Elementalist began the quest for
                  | the Orb.
     0 | D:1      | Reached XP level 1. HP: 13/13 MP: 6/6
   151 | D:1      | Reached XP level 2. HP: 5/19 MP: 1/7
   673 | D:1      | Reached XP level 3. HP: 24/25 MP: 9/9
   675 | D:1      | Reached skill level 5 in Spellcasting
   964 | D:1      | Reached skill level 1 in Invocations
  1226 | D:2      | Noticed Natasha
  1227 | D:2      | Killed Natasha
  1228 | D:2      | Reached skill level 1 in Fighting
  1228 | D:2      | Reached skill level 1 in Short Blades
  1228 | D:2      | Reached skill level 1 in Long Blades
  1228 | D:2      | Reached skill level 1 in Axes
  1228 | D:2      | Reached skill level 1 in Maces & Flails
  1228 | D:2      | Reached skill level 1 in Polearms
  1228 | D:2      | Reached skill level 1 in Staves
  1228 | D:2      | Reached skill level 1 in Slings
  1228 | D:2      | Reached skill level 1 in Bows
  1228 | D:2      | Reached skill level 1 in Crossbows
  1228 | D:2      | Reached skill level 1 in Throwing
  1228 | D:2      | Reached skill level 1 in Armour
  1228 | D:2      | Reached skill level 1 in Shields
  1228 | D:2      | Reached skill level 1 in Unarmed Combat
  1228 | D:2      | Reached skill level 1 in Evocations
  1228 | D:2      | Reached XP level 4. HP: 29/32 MP: 11/11
  1368 | D:2      | Found a stormy altar of Qazlal.
  1568 | D:2      | Noticed Natasha
  1587 | D:2      | Reached skill level 1 in Conjurations
  1587 | D:2      | Reached skill level 1 in Hexes
  1587 | D:2      | Reached skill level 1 in Summonings
  1587 | D:2      | Reached skill level 1 in Necromancy
  1587 | D:2      | Reached skill level 1 in Translocations
  1587 | D:2      | Reached skill level 1 in Transmutations
  1587 | D:2      | Reached skill level 1 in Fire Magic
  1587 | D:2      | Reached skill level 1 in Air Magic
  1587 | D:2      | Reached skill level 1 in Earth Magic
  1587 | D:2      | Reached skill level 1 in Poison Magic
  1621 | D:2      | Killed Natasha
  1643 | D:2      | Learned a level 3 spell: Frozen Ramparts
  1647 | D:2      | Learned a level 3 spell: Ozocubu's Armour
  1652 | D:2      | Learned a level 4 spell: Hailstorm
  1826 | D:2      | Noticed Natasha
  1835 | D:2      | Killed Natasha
  1836 | D:2      | Reached XP level 5. HP: 33/37 MP: 12/12
  1976 | D:2      | Noticed Sigmund
  1982 | D:2      | Killed Sigmund
  1983 | D:2      | Reached skill level 5 in Dodging
  1983 | D:2      | Reached XP level 6. HP: 38/44 MP: 9/14
  2527 | D:3      | Found a glowing drain.
  2569 | Sewer    | Entered a sewer
  2585 | Sewer    | Learned a level 4 spell: Summon Ice Beast
  2634 | Sewer    | Noticed a water moccasin
  2650 | Sewer    | Killed a water moccasin
  2651 | Sewer    | Reached XP level 7. HP: 42/50 MP: 11/15
  2898 | D:3      | Found a bloodstained altar of Trog.
  2941 | D:3      | Found a large runed translucent door.
  2942 | D:3      | Found a large runed translucent door.
  2945 | D:3      | Noticed pigah's ghost (amateur DsNe)
  3865 | D:3      | Killed pigah's ghost
  3866 | D:3      | Reached skill level 5 in Stealth
  4613 | D:5      | Entered Level 5 of the Dungeon
  4762 | D:5      | Reached XP level 8. HP: 55/57 MP: 12/16
  5189 | D:5      | Found a blossoming altar of Fedhas.
  5216 | D:5      | Killed from afar by an orc priest

Illustrated notes

Levels and vault maps discovered:
D:1:      roderic_dead_forest, layout_rooms, fountainhead, minmay_fountain_box
D:2:      layout_basic, chequers_decorated_corner, grunt_ministairs_13,
          minivault_19, dk_noncrumbling_3, grunt_qazlal_clouds, uniq_natasha,
          uniq_sigmund
D:3:      layout_basic, marbit_many_paths, gup_sewer_entry_glass,
          ebering_ghost_disaster_area, wad_orctagon
D:4:      cheibrodos_quashed, layout_loops_ring
D:5:      layout_cave_pools, fedhas_ov_isle_minmay

Skill      XL: |  1  2  3  4  5  6  7  8 |
---------------+-------------------------+-----
Spellcasting   | 5 6 |  6.0
Invocations    | 1 2 3 |  3.5
Fighting       | 1 2 3 |  3.2
Short Blades   | 1 2 3 |  3.2
Long Blades    | 1 2 3 |  3.2
Axes           | 1 2 3 |  3.2
Maces & Flails | 1 2 3 |  3.2
Polearms       | 1 2 3 |  3.2
Staves         | 1 2 3 |  3.2
Slings         | 1 2 3 |  3.2
Bows           | 1 2 3 |  3.2
Crossbows      | 1 2 3 |  3.2
Throwing       | 1 2 3 |  3.2
Armour         | 1 2 3 |  3.2
Shields        | 1 2 3 |  3.2
Unarmed Combat | 1 2 3 |  3.2
Evocations     | 1 2 3 |  3.2
Conjurations   | 1 2 |  2.6
Hexes          | 1 2 |  2.6
Summonings     | 1 2 |  2.6
Necromancy     | 1 2 |  2.6
Translocations | 1 2 |  2.6
Transmutations | 1 2 |  2.6
Fire Magic     | 1 2 |  2.6
Air Magic      | 1 2 |  2.6
Earth Magic    | 1 2 |  2.6
Poison Magic   | 1 2 |  2.6
Dodging        | 5 |  5.6
Stealth        | 5 |  5.3
Ice Magic      | |  7.6

Action                   |  1- 3 |  4- 6 |  7- 9 || total
-------------------------+-------+-------+-------++-------
Melee: Unarmed           |     9 |     4 |       ||    13
       Bite              |     3 |     3 |    20 ||    26
       Dagger            |    26 |    39 |   126 ||   191
       Rapier            |       |       |     9 ||     9
 Cast: Freeze            |    32 |    16 |       ||    48
       Frozen Ramparts   |       |     9 |    16 ||    25
       Summon Ice Beast  |       |       |     8 ||     8
  Use: Scroll            |       |     4 |       ||     4
 Stab: Sleeping          |     5 |     5 |     3 ||    13
Armor: Robe              |    14 |    12 |    40 ||    66
Dodge: Dodged            |    61 |    46 |   108 ||   215

Table legend: (Time is in decaauts)
 A = Elapsed time spent in this place.
 B = Non-inter-level travel time spent in this place.
 C = Inter-level travel time spent in this place.
 D = Time resting spent in this place.
 E = Time spent auto-exploring this place.
 F = Levels seen in this place.
 G = Mean time per level.
                   A        B        C        D        E       F      G
               +--------+--------+--------+--------+--------+-----+--------+
         Total |   5196 |   5131 |     65 |     36 |   4062 |   6 |  866.0 |
       Dungeon |   4973 |   4908 |     65 |     36 |   3918 |   5 |  994.6 |
         Sewer |    222 |    222 |      0 |      0 |    144 |   1 |  222.0 |
               +--------+--------+--------+--------+--------+-----+--------+

Top non-repeatable levels by time:
     D:2: 1380 daAuts
     D:3: 1212 daAuts
     D:1: 1134 daAuts
     D:4: 656 daAuts
     D:5: 590 daAuts
   Sewer: 222 daAuts
